 Dungeon Crawl Stone Soup version 0.18-a0-1577-gf591c28 (webtiles) character file.

352 Sargon the Ruffian (level 6, -14/59 HPs)
             Began as a Troll Monk on Mar 22, 2016.
             Demolished by a gnoll
             ... wielding a +1 whip of electrocution
              (19 damage)
             ... on level 4 of the Dungeon on Mar 23, 2016.
             The game lasted 00:07:54 (1514 turns).

Sargon the Ruffian (Troll Monk)                     Turns: 1514, Time: 00:07:54

Health: -14/59     AC:  5    Str: 22    XL:     6   Next: 35%
Magic:  5/5        EV: 10    Int:  6    God:
Gold:   117        SH:  0    Dex: 12    Spells: 0 memorised, 5 levels left

rFire  . . .     SeeInvis .       - Unarmed
rCold  + . .     Gourm    +     i - +0 robe {rN+}
rNeg   + . .     Faith    .     (no shield)
rPois  .         Spirit   .     (helmet restricted)
rElec  .         Dismiss  .     (no cloak)
rCorr  .         Reflect  .     (gloves unavailable)
SustAt .         Harm     .     (boots unavailable)
MR     .....                    (no amulet)
Stlth  +.........               (no ring)
                                h - ring of protection from cold (curse)

@: not resistant to hostile enchantments, very unstealthy
A: unfitting armour, claws 3, fast metabolism 3, gourmand, regeneration 2,
shaggy fur 1, tough skin 2
a: no special abilities


You were on level 4 of the Dungeon.
You were very full.

You visited 1 branch of the dungeon, and saw 4 of its levels.

You collected 117 gold pieces.

Inventory:

Armour
 i - a +0 robe of positive energy (worn)
Jewellery
 h - a cursed ring of protection from cold (left claw)
Scrolls
 c - a scroll of recharging {unknown}
 e - 5 scrolls of remove curse {unknown}
 f - a scroll of enchant weapon {unknown}
 k - 2 scrolls of random uselessness {unknown}
Potions
 a - a potion of degeneration {unknown}
 d - a potion of berserk rage {unknown}
 g - a potion of heal wounds {unknown}
 j - 3 potions of curing {unknown}
 l - a potion of invisibility {unknown}
 m - a potion of cure mutation {unknown}
 o - a potion of brilliance {unknown}
 p - a potion of mutation {unknown}
 q - a potion of ambrosia {unknown}
Comestibles
 b - 2 bread rations
 n - 4 chunks of flesh


   Skills:
 - Level 2.4 Fighting
 - Level 2.5 Dodging
 - Level 1.1 Stealth
 + Level 7.6 Unarmed Combat


You had 5 spell levels left.
You didn't know any spells.

Dungeon Overview and Level Annotations

Branches:
Dungeon (4/15)
 Temple: D:4-7

Altars:
Kikubaaqudgha


Innate Abilities, Weirdness & Mutations

You are too large for most types of armour.
You have claws for hands.
Your metabolism is lightning-fast.
You like to eat raw meat.
You heal very quickly.
You are covered in fur (AC +1).
You have very tough skin (AC +2).


Message History

The gnoll misses you.
You see here a spear.
The gnoll closely misses you.
Things that are here:
a whip; a gnoll corpse; a gnoll skeleton The gnoll hits you but does no damage.
The gnoll hits you but does no damage.
You are electrocuted!
* * * LOW HITPOINT WARNING * * *
The gnoll hits you with a whip of electrocution!
* * * LOW HITPOINT WARNING * * *
The phantom blinks!
You are no longer glowing.
The gnoll barely misses you. The gnoll barely misses you. The gnoll misses you.
Found 10 gold pieces.
The gnoll hits you with a whip of electrocution!
* * * LOW HITPOINT WARNING * * *
You are electrocuted!
You die...

#............# ..
#............# .
#............#
#............#
#............#
#####g######.#
####.....######.
#.......g......$
#.......@.......
#...............
#...............
#...............
#...............
#...............
#...............
##)............)
#####<#..........


You could see 2 gnolls.

Vanquished Creatures
  A scorpion (D:4)
  A water moccasin skeleton (D:3)
  A howler monkey (D:3)
  A gnoll shaman (D:4)
  7 gnolls (D:4)
  6 adders
  2 dart slugs
  3 giant geckos (D:2)
  5 orcs (D:3)
  2 ball pythons (D:2)
  A bat zombie (D:2)
  2 giant cockroaches
  2 goblins
  5 hobgoblins
  4 jackals (D:3)
  6 quokkas
  6 bats
  2 giant newts (D:2)
  10 kobolds
  3 rats
  A rat zombie (D:2)
71 creatures vanquished.

Notes
Turn   | Place    | Note
--------------------------------------------------------------
     0 | D:1      | Sargon the Troll Monk began the quest for the Orb.
     0 | D:1      | Reached XP level 1. HP: 22/22 MP: 0/0
   170 | D:2      | Reached XP level 2. HP: 29/29 MP: 1/1
   278 | D:2      | Reached XP level 3. HP: 32/36 MP: 2/2
   285 | D:2      | Reached skill level 5 in Unarmed Combat
   475 | D:2      | Found an ancient bone altar of Kikubaaqudgha.
   818 | D:3      | Found a faded altar to an unknown god.
   824 | D:3      | Reached XP level 4. HP: 41/44 MP: 3/3
   843 | D:3      | Reached skill level 6 in Unarmed Combat
   930 | D:3      | Reached XP level 5. HP: 50/50 MP: 4/4
  1353 | D:4      | Reached skill level 7 in Unarmed Combat
  1439 | D:4      | Reached XP level 6. HP: 56/59 MP: 5/5
  1514 | D:4      | Demolished by a gnoll

Vault maps used:
D:1:      zaba_arrival_water
D:2:      lemuel_zombie_altar_kikubaaqudgha
D:3:      ecumenical_altar_1
D:4:      zin_treasury, minitemple

Skill      XL: |  1  2  3  4  5 |
---------------+----------------+-----
Unarmed Combat | 5 6 7 |  7.6
Fighting       | |  2.4
Dodging        | |  2.5
Stealth        | |  1.1

Action                   |  1- 3 |  4- 6 || total
-------------------------+-------+-------++-------
Melee: Unarmed           |    72 |   106 ||   178
 Stab: Sleeping          |     1 |       ||     1
  Eat: Chunk             |    11 |     8 ||    19
